[ AOE2 MATCH · #475501893 ]
UnrankedByzantines vs Italians
[ REPLAY ANALYSIS · EXTRACTED FROM THE RECORDED GAME ]
Feudal
13:02
Castle
22:06
Imperial
—
| APM avg | 34.8 |
| APM peak | 74 |
| eAPM avg | 13.3 |
| Villagers / military | 56 / 29 |
Focus
⚔️ 37.5% · 🌾 62.5%
Archer ×28 · Fishing Ship ×8 · Transport Ship ×1
Feudal
12:42
Castle
19:15
Imperial
—
| APM avg | 48.5 |
| APM peak | 89 |
| eAPM avg | 18.0 |
| Villagers / military | 95 / 41 |
Focus
⚔️ 28.7% · 🌾 71.3%
Genoese Crossbowman ×34 · Fishing Ship ×7 · Unknown (2626) ×6 · Mangonel ×3 · Fire Galley ×2 · Monk ×1
Feudal
16:20
Castle
19:50
Imperial
—
| APM avg | 43.7 |
| APM peak | 115 |
| eAPM avg | 22.2 |
| Villagers / military | 123 / 11 |
Focus
⚔️ 31.5% · 🌾 68.5%
Fishing Ship ×9 · Huskarl ×8 · Mangonel ×1 · Battering Ram ×1 · Transport Ship ×1 · Unknown (2626) ×1
Feudal
13:51
Castle
21:40
Imperial
—
| APM avg | 35.7 |
| APM peak | 61 |
| eAPM avg | 17.3 |
| Villagers / military | 59 / 28 |
Focus
⚔️ 37.9% · 🌾 62.1%
Mangudai ×23 · Fishing Ship ×4 · Scorpion ×3 · Scout Cavalry ×2 · Unknown (2626) ×1
Feudal
13:33
Castle
16:41
Imperial
—
| APM avg | 34.5 |
| APM peak | 83 |
| eAPM avg | 24.0 |
| Villagers / military | 60 / 98 |
Focus
⚔️ 34.1% · 🌾 65.9%
Karambit Warrior ×80 · Battering Ram ×18 · Fishing Ship ×5 · Trade Cart ×1
Feudal
13:18
Castle
17:50
Imperial
—
| APM avg | 64.4 |
| APM peak | 112 |
| eAPM avg | 31.0 |
| Villagers / military | 93 / 25 |
Focus
⚔️ 64.5% · 🌾 35.5%
War Wagon ×15 · Fishing Ship ×13 · Iron Pagoda ×7 · Unknown (2626) ×3 · Galley ×1 · Turtle Ship ×1
Feudal
13:35
Castle
17:43
Imperial
35:14
| APM avg | 47.1 |
| APM peak | 76 |
| eAPM avg | 20.1 |
| Villagers / military | 102 / 1 |
Focus
⚔️ 32.3% · 🌾 67.7%
Unknown (2579) ×46 · Fishing Ship ×13 · Unknown (2626) ×2 · Trebuchet (Packed) ×1
Feudal
13:01
Castle
18:15
Imperial
—
| APM avg | 34.2 |
| APM peak | 78 |
| eAPM avg | 14.1 |
| Villagers / military | 72 / 25 |
Focus
⚔️ 25.1% · 🌾 74.9%
Fire Galley ×13 · Rattan Archer ×12 · Fishing Ship ×8 · Unknown (2626) ×8
Match map
Initial resources + every placement click. Lines = walls · curves = elevation contours. ◆ gold · ⬟ stone · ● berries · ✦ relic · ◌ wall gap
Your base· Open — 7t gap
DS_Mister Five's base· Open — 12t gap
DL | Tortafuller's base· Open — 7t gap
Cono | Joe Strummer's base· Open — 10t gap
DS_Regg's base· Open — 2t gap
DS_Moai's base· Open — unwalled flank
DS_TheHeartless's base· Open — unwalled flank
Cono | Watters's base· Open — 14t gap
Smoothed initial terrain · ◌ = detected wall gap · hover for details
Inputs per minute
— Nili Tapia - - DS_Mister Five
Build order — Nili Tapia
140 actions detected in the replay
| 0:12 | Build | Town Center |
| 0:18 | Build | House |
| 2:37 | Create | Villager (Male) ×4 |
| 2:42 | Build | Dock |
| 4:26 | Create | Fishing Ship |
| 4:28 | Build | House |
| 4:34 | Build | House |
| 4:49 | Research | Loom |
| 5:03 | Create | Villager (Male) |
| 5:13 | Create | Fishing Ship |
| 5:14 | Build | Palisade Wall |
| 5:44 | Create | Villager (Male) |
| 6:08 | Create | Villager (Male) |
| 6:29 | Create | Villager (Male) |
| 6:33 | Build | House |
| 6:39 | Create | Villager (Male) |
| 6:57 | Create | Fishing Ship |
| 7:10 | Create | Villager (Male) |
| 7:11 | Create | Villager (Male) |
| 7:40 | Create | Fishing Ship |
| 7:40 | Create | Fishing Ship |
| 8:00 | Create | Villager (Male) |
| 8:21 | Build | House |
| 8:23 | Build | Palisade Wall |
| 8:44 | Create | Villager (Male) |
| 8:58 | Build | House |
| 9:08 | Create | Villager (Male) |
| 9:24 | Create | Villager (Male) |
| 9:38 | Create | Villager (Male) |
| 9:48 | Build | Palisade Wall |
| 9:52 | Build | Palisade Wall |
| 10:06 | Create | Fishing Ship |
| 10:13 | Build | Mining Camp |
| 10:21 | Create | Villager (Male) |
| 10:52 | Research | Feudal Age |
| 11:24 | Build | Barracks |
| 11:37 | Build | House |
| 13:02 | Age | Feudal Age |
| 13:03 | Build | Archery Range |
| 13:05 | Create | Villager (Male) |
| 13:05 | Create | Villager (Male) |
| 13:17 | Build | Mill |
| 13:42 | Create | Archer |
| 13:43 | Create | Archer |
| 14:08 | Create | Villager (Male) |
| 14:15 | Build | Blacksmith |
| 14:24 | Build | House |
| 14:35 | Build | Palisade Gate |
| 14:45 | Create | Villager (Male) |
| 14:51 | Create | Archer |
| 15:01 | Create | Villager (Male) |
| 15:10 | Research | Fletching |
| 15:29 | Create | Archer |
| 15:31 | Create | Villager (Male) |
| 15:34 | Build | House |
| 16:02 | Create | Archer |
| 16:32 | Create | Archer |
| 16:58 | Create | Archer |
| 17:00 | Create | Villager (Male) |
| 17:21 | Create | Archer |
| 17:35 | Build | House |
| 18:04 | Create | Archer |
| 18:09 | Create | Villager (Male) |
| 18:12 | Build | Market |
| 18:25 | Build | Mining Camp |
| 18:46 | Build | House |
| 18:58 | Build | House |
| 19:05 | Build | Palisade Wall |
| 19:26 | Research | Castle Age |
| 19:26 | Research | Castle Age |
| 20:06 | Build | Lumber Camp |
| 20:21 | Create | Archer |
| 21:01 | Create | Archer |
| 21:02 | Create | Archer |
| 21:28 | Build | House |
| 22:06 | Age | Castle Age |
| 22:08 | Build | Town Center |
| 22:10 | Research | Crossbowman (upgrade) |
| 23:12 | Create | Archer |
| 23:12 | Create | Archer |
| 23:12 | Create | Archer |
| 23:39 | Create | Villager (Male) |
| 23:40 | Create | Villager (Male) |
| 25:36 | Build | Dock |
| 25:48 | Build | Farm |
| 25:49 | Build | Farm |
| 25:49 | Build | Farm |
| 25:49 | Build | Farm |
| 25:50 | Build | Farm |
| 25:50 | Build | Farm |
| 26:24 | Create | Fishing Ship |
| 26:38 | Create | Fishing Ship |
| 26:46 | Create | Villager (Male) |
| 26:48 | Build | Farm |
| 26:49 | Build | Farm |
| 26:50 | Build | Farm |
| 27:12 | Create | Archer |
| 27:12 | Create | Archer |
| 27:18 | Create | Villager (Male) |
| 27:26 | Build | House |
| 27:27 | Build | House |
| 27:48 | Create | Villager (Male) |
| 27:51 | Create | Archer |
| 28:18 | Create | Villager (Male) |
| 28:48 | Research | Bodkin Arrow |
| 28:48 | Research | Bodkin Arrow |
| 28:55 | Create | Archer |
| 28:56 | Create | Archer |
| 28:56 | Create | Archer |
| 28:56 | Create | Archer |
| 28:58 | Create | Villager (Male) |
| 28:59 | Create | Villager (Male) |
| 29:06 | Create | Villager (Male) |
| 29:32 | Create | Villager (Male) ×2 |
| 29:40 | Create | Archer |
| 29:53 | Create | Archer |
| 29:53 | Create | Archer |
| 29:55 | Research | Padded Archer Armor |
| 30:19 | Create | Villager (Male) |
| 30:32 | Build | Farm |
| 30:34 | Build | Farm |
| 30:38 | Build | Farm |
| 30:49 | Research | Double-Bit Axe |
| 30:49 | Research | Double-Bit Axe |
| 31:30 | Create | Villager (Male) ×3 |
| 31:30 | Create | Villager (Male) ×3 |
| 31:41 | Research | Tech 905 |
| 31:46 | Create | Transport Ship |
| 31:52 | Build | Palisade Wall |
| 32:10 | Build | Palisade Wall |
| 32:23 | Create | Villager (Male) |
| 32:52 | Create | Villager (Male) ×5 |
| 33:22 | Build | Farm |
| 33:24 | Build | Farm |
| 33:26 | Create | Archer |
| 33:26 | Create | Archer |
| 33:26 | Create | Archer |
| 34:00 | Create | Villager (Male) ×5 |
| 34:06 | Create | Villager (Male) |
| 34:37 | Create | Villager (Male) |
Build order — DS_Mister Five
First 150 of 193 actions detected
| 0:49 | Build | Town Center |
| 1:16 | Build | Dock |
| 1:19 | Build | House |
| 2:52 | Create | Villager (Male) |
| 2:52 | Create | Villager (Male) |
| 2:52 | Create | Villager (Male) |
| 2:53 | Create | Villager (Male) |
| 3:15 | Build | House |
| 4:06 | Create | Fishing Ship |
| 4:26 | Create | Villager (Male) |
| 5:13 | Create | Villager (Male) |
| 5:16 | Create | Fishing Ship |
| 5:24 | Build | House |
| 5:52 | Create | Villager (Male) |
| 5:57 | Create | Villager (Male) |
| 6:14 | Create | Fishing Ship |
| 6:20 | Create | Villager (Male) |
| 6:50 | Create | Fishing Ship |
| 6:51 | Create | Fishing Ship |
| 7:04 | Create | Villager (Male) |
| 7:16 | Create | Villager (Male) |
| 7:20 | Build | House |
| 7:21 | Create | Villager (Male) |
| 7:27 | Research | Loom |
| 7:28 | Create | Villager (Male) |
| 7:28 | Create | Villager (Male) |
| 7:46 | Create | Villager (Male) |
| 7:47 | Create | Villager (Male) |
| 7:48 | Create | Villager (Male) |
| 7:48 | Create | Villager (Male) |
| 7:54 | Create | Fishing Ship |
| 8:12 | Build | House |
| 8:13 | Create | Villager (Male) |
| 8:13 | Create | Villager (Male) |
| 8:13 | Create | Villager (Male) |
| 8:54 | Build | Lumber Camp |
| 9:00 | Create | Villager (Male) |
| 9:30 | Create | Fishing Ship |
| 10:00 | Build | Mill |
| 10:19 | Build | House |
| 10:32 | Research | Feudal Age |
| 10:56 | Build | Mining Camp |
| 12:01 | Create | Villager (Male) |
| 12:01 | Create | Villager (Male) |
| 12:09 | Build | Mining Camp |
| 12:22 | Create | Villager (Male) |
| 12:42 | Age | Feudal Age |
| 12:45 | Build | Blacksmith |
| 12:53 | Build | Market |
| 12:56 | Build | House |
| 13:12 | Create | Villager (Male) |
| 13:18 | Create | Fire Galley |
| 13:42 | Create | Fire Galley |
| 13:48 | Create | Villager (Male) |
| 14:07 | Build | Palisade Wall |
| 14:27 | Create | Unit 2626 |
| 14:31 | Build | House |
| 14:32 | Build | House |
| 14:40 | Create | Villager (Male) |
| 14:44 | Create | Villager (Male) |
| 14:51 | Build | House |
| 15:03 | Build | Dock |
| 15:17 | Create | Villager (Male) |
| 15:19 | Create | Villager (Male) |
| 15:26 | Build | Mining Camp |
| 15:45 | Create | Unit 2626 |
| 15:55 | Create | Villager (Male) |
| 16:14 | Create | Demolition Raft |
| 16:35 | Research | Castle Age |
| 16:55 | Create | Unit 2626 |
| 17:14 | Research | Double-Bit Axe |
| 17:17 | Research | Gold Mining |
| 17:18 | Create | Villager (Male) |
| 17:36 | Create | Unit 2626 |
| 17:45 | Create | Villager (Male) |
| 18:12 | Create | Unit 2626 |
| 18:23 | Create | Villager (Male) |
| 18:29 | Build | House |
| 18:51 | Create | Villager (Male) |
| 19:02 | Create | Villager (Male) |
| 19:08 | Create | Unit 2626 |
| 19:15 | Age | Castle Age |
| 19:24 | Build | Castle |
| 19:26 | Create | Villager (Male) |
| 19:26 | Create | Villager (Male) |
| 19:37 | Create | Villager (Male) |
| 19:41 | Research | Horse Collar |
| 19:44 | Create | Villager (Male) |
| 19:46 | Build | Farm |
| 19:47 | Build | Farm |
| 19:47 | Build | Farm |
| 19:47 | Build | Farm |
| 19:48 | Build | Farm |
| 20:05 | Build | Farm |
| 20:07 | Create | Villager (Male) |
| 20:30 | Create | Villager (Male) |
| 20:34 | Create | Genoese Crossbowman |
| 20:35 | Create | Genoese Crossbowman |
| 20:36 | Research | Fletching |
| 20:37 | Research | Padded Archer Armor |
| 20:38 | Create | Villager (Male) |
| 21:01 | Create | Villager (Male) |
| 21:03 | Create | Genoese Crossbowman |
| 21:06 | Create | Villager (Male) |
| 21:27 | Create | Genoese Crossbowman |
| 21:29 | Research | Bodkin Arrow |
| 21:48 | Research | War Galley (upgrade) |
| 21:59 | Create | Villager (Male) |
| 22:06 | Create | Genoese Crossbowman |
| 22:18 | Build | Siege Workshop |
| 22:50 | Create | Villager (Male) |
| 22:51 | Create | Villager (Male) |
| 23:13 | Create | Villager (Male) |
| 23:27 | Create | Genoese Crossbowman |
| 23:29 | Create | Mangonel |
| 24:10 | Create | Villager (Male) |
| 24:30 | Create | Villager (Male) |
| 24:30 | Create | Villager (Male) |
| 24:49 | Create | Villager (Male) |
| 25:17 | Create | Genoese Crossbowman |
| 25:17 | Create | Genoese Crossbowman |
| 25:20 | Create | Villager (Male) |
| 25:39 | Build | Castle |
| 26:42 | Build | Farm |
| 26:42 | Build | Farm |
| 26:43 | Build | Farm |
| 26:43 | Build | Farm |
| 26:56 | Create | Villager (Male) |
| 27:16 | Build | Farm |
| 27:18 | Create | Genoese Crossbowman |
| 27:18 | Create | Genoese Crossbowman |
| 27:39 | Build | Farm |
| 27:53 | Create | Genoese Crossbowman |
| 28:01 | Build | Monastery |
| 28:04 | Create | Villager (Male) |
| 28:07 | Create | Villager (Male) |
| 28:10 | Create | Villager (Male) |
| 28:24 | Create | Villager (Male) |
| 28:31 | Create | Genoese Crossbowman |
| 28:52 | Create | Monk |
| 29:02 | Create | Genoese Crossbowman |
| 29:04 | Create | Villager (Male) |
| 29:17 | Build | University |
| 29:19 | Create | Villager (Male) |
| 29:21 | Create | Genoese Crossbowman |
| 29:25 | Build | House |
| 29:30 | Create | Villager (Male) |
| 29:37 | Create | Genoese Crossbowman ×2 |
| 29:38 | Create | Villager (Male) |
| 29:40 | Create | Villager (Male) |
Build order — DL | Tortafuller
First 150 of 247 actions detected
| 0:23 | Build | Town Center |
| 2:34 | Build | House |
| 2:45 | Build | House |
| 2:52 | Create | Villager (Male) |
| 2:52 | Create | Villager (Male) |
| 2:56 | Create | Villager (Male) |
| 2:56 | Create | Villager (Male) |
| 3:06 | Build | House |
| 4:10 | Build | House |
| 4:20 | Research | Loom |
| 4:37 | Create | Villager (Male) |
| 4:43 | Build | Dock |
| 5:12 | Create | Villager (Male) |
| 5:39 | Create | Villager (Male) |
| 5:40 | Create | Fishing Ship |
| 5:42 | Build | House |
| 6:27 | Create | Villager (Male) |
| 6:47 | Create | Fishing Ship |
| 7:20 | Create | Villager (Male) |
| 7:40 | Create | Villager (Male) |
| 7:49 | Build | House |
| 7:58 | Create | Villager (Male) |
| 7:58 | Create | Villager (Male) |
| 7:58 | Create | Villager (Male) |
| 8:13 | Create | Villager (Male) |
| 8:42 | Create | Villager (Male) |
| 8:45 | Create | Fishing Ship |
| 8:46 | Create | Villager (Male) |
| 9:12 | Create | Villager (Male) |
| 9:13 | Create | Villager (Male) |
| 9:24 | Create | Fishing Ship |
| 9:29 | Create | Villager (Male) |
| 9:30 | Create | Villager (Male) |
| 9:57 | Create | Villager (Male) |
| 10:06 | Create | Villager (Male) |
| 10:27 | Build | House |
| 10:36 | Create | Villager (Male) |
| 10:48 | Create | Villager (Male) |
| 11:02 | Create | Villager (Male) |
| 11:30 | Build | House |
| 11:31 | Create | Villager (Male) |
| 11:34 | Create | Villager (Male) |
| 11:49 | Create | Fishing Ship |
| 12:14 | Create | Villager (Male) |
| 12:14 | Create | Villager (Male) |
| 12:23 | Build | House |
| 12:52 | Create | Fishing Ship |
| 13:13 | Build | Mining Camp |
| 13:17 | Create | Villager (Male) |
| 13:21 | Create | Fishing Ship |
| 13:39 | Build | Palisade Wall |
| 13:41 | Build | Palisade Wall |
| 13:45 | Create | Villager (Male) |
| 13:57 | Research | Feudal Age |
| 14:05 | Build | Palisade Wall |
| 14:22 | Create | Fishing Ship |
| 14:22 | Create | Transport Ship |
| 14:55 | Build | Palisade Wall |
| 14:57 | Build | Palisade Wall |
| 15:26 | Build | Mill |
| 15:37 | Create | Fishing Ship |
| 15:57 | Create | Villager (Male) |
| 15:57 | Create | Villager (Male) |
| 16:20 | Age | Feudal Age |
| 16:22 | Build | Watch Tower |
| 16:30 | Build | Market |
| 16:32 | Build | Blacksmith |
| 16:38 | Create | Villager (Male) |
| 17:08 | Research | Castle Age |
| 17:23 | Build | Outpost |
| 17:52 | Build | Palisade Wall |
| 17:59 | Build | Palisade Wall |
| 18:21 | Build | Palisade Gate |
| 18:30 | Build | House |
| 18:34 | Build | Palisade Wall |
| 18:44 | Build | Palisade Wall |
| 19:24 | Create | Villager (Male) |
| 19:24 | Create | Villager (Male) |
| 19:50 | Age | Castle Age |
| 20:06 | Build | Castle |
| 20:13 | Build | Palisade Wall |
| 20:21 | Create | Villager (Male) |
| 21:14 | Create | Unit 2626 |
| 21:30 | Create | Villager (Male) |
| 21:30 | Create | Villager (Male) |
| 21:33 | Research | Scale Mail Armor |
| 21:33 | Research | Forging |
| 21:36 | Create | Villager (Male) |
| 22:07 | Build | Town Center |
| 22:27 | Create | Villager (Male) |
| 22:30 | Create | Huskarl |
| 22:31 | Create | Huskarl |
| 22:31 | Create | Huskarl |
| 22:36 | Create | Villager (Male) |
| 22:48 | Create | Villager (Male) |
| 22:50 | Create | Huskarl |
| 22:50 | Create | Huskarl |
| 22:51 | Create | Huskarl |
| 23:02 | Build | Siege Workshop |
| 23:08 | Create | Villager (Male) |
| 23:14 | Create | Villager (Male) |
| 23:14 | Create | Villager (Male) |
| 23:26 | Create | Huskarl |
| 23:34 | Create | Villager (Male) |
| 23:46 | Build | Lumber Camp |
| 23:49 | Create | Huskarl |
| 23:58 | Create | Mangonel |
| 24:04 | Create | Villager (Male) |
| 24:10 | Create | Villager (Male) |
| 24:28 | Create | Villager (Male) |
| 24:31 | Create | Villager (Male) |
| 24:31 | Create | Villager (Male) |
| 24:31 | Create | Villager (Male) |
| 25:15 | Create | Battering Ram |
| 25:19 | Create | Villager (Male) |
| 25:21 | Build | Farm |
| 25:25 | Create | Villager (Male) |
| 25:26 | Create | Villager (Male) |
| 25:41 | Create | Villager (Male) |
| 25:45 | Build | Farm |
| 25:47 | Build | Farm |
| 26:00 | Research | Horse Collar |
| 26:37 | Create | Villager (Male) |
| 26:38 | Create | Villager (Male) |
| 26:38 | Create | Villager (Male) |
| 26:39 | Create | Villager (Male) |
| 26:40 | Create | Villager (Male) |
| 26:40 | Create | Villager (Male) |
| 27:24 | Build | Town Center |
| 28:04 | Create | Villager (Male) |
| 28:10 | Create | Villager (Male) |
| 28:11 | Create | Villager (Male) |
| 28:12 | Build | Farm |
| 28:19 | Create | Villager (Male) |
| 28:27 | Create | Villager (Male) |
| 28:35 | Build | Town Center |
| 28:37 | Create | Villager (Male) |
| 28:47 | Build | Fish Trap |
| 28:48 | Build | Fish Trap |
| 28:49 | Build | Fish Trap |
| 28:49 | Build | Fish Trap |
| 28:49 | Build | Fish Trap |
| 28:50 | Build | Fish Trap |
| 28:50 | Build | Fish Trap |
| 28:51 | Build | Fish Trap |
| 28:51 | Build | Fish Trap |
| 29:00 | Create | Villager (Male) |
| 29:10 | Create | Villager (Male) |
| 29:32 | Create | Villager (Male) |
| 29:37 | Research | Wheelbarrow |
Build order — Cono | Joe Strummer
First 150 of 154 actions detected
| 0:38 | Build | Dock |
| 0:39 | Build | House |
| 1:00 | Build | Town Center |
| 1:37 | Build | Palisade Wall |
| 2:08 | Build | Palisade Wall |
| 2:11 | Build | Palisade Wall |
| 3:43 | Create | Villager (Male) ×4 |
| 4:14 | Create | Villager (Male) |
| 5:06 | Create | Fishing Ship |
| 5:47 | Build | House |
| 5:49 | Create | Villager (Male) |
| 6:08 | Create | Villager (Male) |
| 6:38 | Create | Villager (Male) |
| 7:02 | Create | Villager (Male) |
| 7:24 | Create | Fishing Ship |
| 7:27 | Create | Villager (Male) |
| 7:47 | Build | House |
| 8:00 | Research | Loom |
| 8:08 | Build | House |
| 8:18 | Create | Villager (Male) |
| 8:30 | Build | House |
| 8:48 | Create | Villager (Male) |
| 8:49 | Create | Fishing Ship |
| 9:14 | Create | Villager (Male) |
| 9:26 | Create | Fishing Ship |
| 9:40 | Create | Villager (Male) |
| 9:49 | Build | House |
| 10:17 | Create | Villager (Male) |
| 11:02 | Create | Villager (Male) |
| 11:10 | Build | Mining Camp |
| 11:41 | Research | Feudal Age |
| 12:46 | Create | Villager (Male) |
| 13:07 | Build | Mining Camp |
| 13:09 | Create | Villager (Male) |
| 13:25 | Build | Mill |
| 13:51 | Age | Feudal Age |
| 14:17 | Build | Barracks |
| 14:22 | Create | Villager (Male) |
| 14:29 | Build | Mill |
| 14:45 | Create | Villager (Male) |
| 15:25 | Create | Villager (Male) |
| 15:41 | Build | House |
| 15:51 | Research | Town Watch |
| 15:54 | Create | Villager (Male) |
| 16:01 | Build | Stable |
| 16:27 | Create | Villager (Male) |
| 16:33 | Create | Unit 2626 |
| 16:55 | Build | House |
| 17:03 | Create | Villager (Male) |
| 17:23 | Create | Villager (Male) |
| 17:26 | Create | Scout Cavalry |
| 17:37 | Create | Villager (Male) |
| 17:42 | Build | House |
| 17:46 | Build | Palisade Wall |
| 17:53 | Build | Palisade Wall |
| 18:24 | Build | Market |
| 18:32 | Create | Villager (Male) |
| 18:52 | Build | Palisade Wall |
| 19:00 | Research | Castle Age |
| 19:19 | Build | Palisade Wall |
| 19:37 | Create | Scout Cavalry |
| 19:52 | Build | Palisade Wall |
| 20:19 | Create | Villager (Male) |
| 20:32 | Build | Palisade Gate |
| 20:46 | Build | Lumber Camp |
| 20:53 | Create | Villager (Male) |
| 21:40 | Age | Castle Age |
| 21:58 | Build | Castle |
| 22:03 | Create | Villager (Male) |
| 22:04 | Create | Villager (Male) |
| 22:17 | Research | Double-Bit Axe |
| 22:48 | Create | Mangudai |
| 23:12 | Create | Mangudai |
| 23:26 | Create | Villager (Male) |
| 23:28 | Create | Mangudai |
| 23:42 | Create | Mangudai |
| 23:55 | Create | Villager (Male) |
| 23:59 | Create | Mangudai |
| 24:04 | Create | Villager (Male) |
| 24:07 | Build | Farm |
| 24:09 | Build | Farm |
| 24:10 | Build | Farm |
| 24:20 | Create | Mangudai |
| 24:33 | Create | Villager (Male) |
| 24:40 | Create | Mangudai |
| 24:47 | Build | Blacksmith |
| 24:52 | Build | Farm |
| 24:59 | Create | Villager (Male) |
| 25:02 | Build | Farm |
| 25:05 | Build | Farm |
| 25:11 | Build | Farm |
| 25:29 | Build | Outpost |
| 25:34 | Build | Farm |
| 25:38 | Create | Villager (Male) |
| 25:38 | Create | Mangudai |
| 26:05 | Build | House |
| 26:08 | Create | Mangudai |
| 26:14 | Create | Villager (Male) |
| 26:15 | Create | Mangudai |
| 26:36 | Create | Mangudai |
| 26:48 | Research | Fletching |
| 27:19 | Create | Villager (Male) |
| 27:19 | Create | Villager (Male) |
| 28:09 | Create | Villager (Male) |
| 28:10 | Create | Villager (Male) |
| 28:10 | Create | Mangudai |
| 28:43 | Create | Villager (Male) |
| 29:06 | Build | Castle |
| 29:12 | Create | Villager (Male) |
| 29:19 | Build | Siege Workshop |
| 29:32 | Build | Outpost |
| 30:04 | Create | Villager (Male) |
| 30:12 | Create | Mangudai |
| 30:20 | Create | Villager (Male) |
| 30:25 | Create | Mangudai |
| 30:30 | Create | Mangudai |
| 30:43 | Create | Villager (Male) |
| 30:51 | Create | Mangudai |
| 31:07 | Create | Villager (Male) |
| 31:15 | Build | Lumber Camp |
| 31:58 | Create | Villager (Male) |
| 32:03 | Create | Scorpion |
| 32:08 | Create | Villager (Male) |
| 32:21 | Build | Market |
| 32:23 | Create | Villager (Male) |
| 32:30 | Create | Mangudai |
| 32:30 | Create | Mangudai |
| 32:48 | Create | Villager (Male) |
| 33:09 | Create | Scorpion |
| 33:11 | Build | Lumber Camp |
| 33:20 | Create | Villager (Male) |
| 33:30 | Create | Scorpion |
| 33:43 | Create | Villager (Male) |
| 33:47 | Build | Mill |
| 33:48 | Build | Farm |
| 33:48 | Build | Farm |
| 33:49 | Build | Farm |
| 33:49 | Build | Farm |
| 33:49 | Build | Farm |
| 33:50 | Build | Farm |
| 34:18 | Create | Villager (Male) |
| 34:38 | Create | Mangudai |
| 34:41 | Create | Mangudai |
| 34:41 | Create | Mangudai |
| 34:45 | Create | Villager (Male) |
| 34:53 | Research | Bow Saw |
| 34:56 | Research | Horse Collar |
| 35:22 | Create | Mangudai |
| 35:22 | Create | Mangudai |
| 35:31 | Create | Villager (Male) |
Build order — DS_Regg
First 150 of 218 actions detected
| 0:03 | Build | House |
| 0:06 | Build | Dock |
| 0:32 | Build | Town Center |
| 2:58 | Create | Villager (Male) |
| 2:59 | Create | Villager (Male) |
| 3:07 | Create | Villager (Male) |
| 3:08 | Create | Villager (Male) |
| 3:08 | Create | Villager (Male) |
| 3:08 | Create | Villager (Male) |
| 3:29 | Research | Loom |
| 3:29 | Create | Villager (Male) |
| 3:30 | Create | Villager (Male) |
| 3:30 | Create | Villager (Male) |
| 3:30 | Create | Villager (Male) |
| 3:31 | Create | Villager (Male) |
| 4:19 | Build | House |
| 4:41 | Build | House |
| 5:15 | Create | Villager (Male) |
| 5:29 | Create | Villager (Male) |
| 5:29 | Create | Villager (Male) |
| 5:42 | Create | Fishing Ship |
| 5:48 | Build | House |
| 6:22 | Build | House |
| 6:31 | Create | Villager (Male) |
| 6:31 | Create | Villager (Male) |
| 6:43 | Create | Fishing Ship |
| 7:03 | Create | Villager (Male) |
| 7:22 | Create | Fishing Ship |
| 7:22 | Create | Fishing Ship |
| 7:43 | Create | Villager (Male) |
| 7:43 | Create | Villager (Male) |
| 8:08 | Build | House |
| 8:20 | Create | Villager (Male) |
| 8:20 | Create | Villager (Male) |
| 8:23 | Create | Fishing Ship |
| 8:33 | Create | Villager (Male) |
| 8:34 | Create | Villager (Male) |
| 8:58 | Create | Villager (Male) |
| 8:58 | Create | Villager (Male) |
| 9:03 | Create | Villager (Male) |
| 9:18 | Create | Villager (Male) |
| 9:22 | Build | Mill |
| 9:24 | Create | Villager (Male) |
| 9:33 | Create | Villager (Male) |
| 9:49 | Build | House |
| 9:54 | Build | House |
| 10:00 | Create | Villager (Male) |
| 10:24 | Create | Villager (Male) |
| 10:33 | Build | Mining Camp |
| 10:36 | Create | Villager (Male) |
| 12:15 | Research | Feudal Age |
| 13:33 | Age | Feudal Age |
| 13:38 | Build | Blacksmith |
| 13:45 | Build | Market |
| 14:19 | Build | Lumber Camp |
| 15:05 | Research | Castle Age |
| 15:31 | Build | Palisade Gate |
| 15:33 | Build | Palisade Gate |
| 15:52 | Research | Double-Bit Axe |
| 16:41 | Age | Castle Age |
| 17:27 | Build | Castle |
| 17:50 | Build | Palisade Gate |
| 18:11 | Build | Mining Camp |
| 18:40 | Build | Farm |
| 19:05 | Build | Farm |
| 19:09 | Build | Farm |
| 19:14 | Build | Farm |
| 19:16 | Create | Karambit Warrior |
| 19:16 | Create | Karambit Warrior |
| 19:17 | Create | Karambit Warrior |
| 19:17 | Create | Karambit Warrior |
| 19:17 | Create | Karambit Warrior |
| 19:17 | Create | Karambit Warrior |
| 19:39 | Build | Farm |
| 19:46 | Build | Farm |
| 20:09 | Create | Villager (Male) |
| 20:26 | Create | Villager (Male) |
| 20:32 | Build | Siege Workshop |
| 20:54 | Build | Siege Workshop |
| 21:00 | Create | Karambit Warrior |
| 21:01 | Create | Karambit Warrior |
| 21:26 | Create | Karambit Warrior |
| 21:39 | Create | Battering Ram |
| 21:47 | Create | Karambit Warrior |
| 21:48 | Create | Villager (Male) |
| 21:49 | Create | Villager (Male) |
| 21:52 | Build | Farm |
| 22:04 | Create | Karambit Warrior |
| 22:04 | Create | Karambit Warrior |
| 22:18 | Create | Trade Cart |
| 22:31 | Create | Battering Ram |
| 22:31 | Create | Battering Ram |
| 22:45 | Create | Karambit Warrior |
| 22:45 | Create | Karambit Warrior |
| 22:45 | Create | Karambit Warrior |
| 22:45 | Create | Karambit Warrior |
| 22:46 | Create | Karambit Warrior |
| 22:46 | Create | Karambit Warrior |
| 22:46 | Create | Karambit Warrior |
| 22:57 | Create | Karambit Warrior |
| 22:58 | Create | Karambit Warrior |
| 23:34 | Create | Karambit Warrior |
| 23:36 | Create | Battering Ram |
| 23:44 | Create | Karambit Warrior |
| 23:45 | Create | Karambit Warrior |
| 23:46 | Create | Villager (Male) |
| 24:02 | Create | Karambit Warrior |
| 24:03 | Create | Karambit Warrior |
| 24:03 | Create | Karambit Warrior |
| 24:29 | Create | Villager (Male) |
| 24:29 | Create | Villager (Male) |
| 24:42 | Create | Battering Ram |
| 24:51 | Create | Villager (Male) |
| 24:55 | Build | Farm |
| 25:01 | Research | Forging |
| 25:07 | Create | Battering Ram |
| 25:32 | Create | Villager (Male) |
| 25:35 | Create | Battering Ram |
| 25:35 | Create | Battering Ram |
| 25:38 | Create | Karambit Warrior |
| 25:38 | Create | Karambit Warrior |
| 25:38 | Create | Karambit Warrior |
| 25:39 | Create | Karambit Warrior |
| 25:39 | Create | Karambit Warrior |
| 25:56 | Create | Karambit Warrior |
| 26:10 | Create | Karambit Warrior |
| 26:10 | Create | Karambit Warrior |
| 26:10 | Create | Karambit Warrior |
| 26:15 | Build | Farm |
| 26:28 | Create | Karambit Warrior |
| 26:29 | Create | Karambit Warrior |
| 26:38 | Create | Karambit Warrior |
| 26:38 | Create | Karambit Warrior |
| 26:41 | Create | Battering Ram |
| 26:42 | Create | Karambit Warrior |
| 26:43 | Create | Karambit Warrior |
| 26:49 | Create | Karambit Warrior |
| 26:49 | Create | Karambit Warrior |
| 27:14 | Create | Battering Ram |
| 27:14 | Create | Battering Ram |
| 27:19 | Create | Karambit Warrior |
| 27:19 | Create | Karambit Warrior |
| 27:19 | Create | Karambit Warrior |
| 28:12 | Create | Karambit Warrior |
| 28:14 | Create | Battering Ram |
| 28:14 | Create | Battering Ram |
| 28:15 | Create | Villager (Male) |
| 28:16 | Create | Villager (Male) |
| 28:16 | Create | Villager (Male) |
| 28:16 | Create | Villager (Male) |
Build order — DS_Moai
First 150 of 224 actions detected
| 0:15 | Build | Town Center |
| 1:13 | Build | Dock |
| 2:16 | Build | House |
| 2:40 | Create | Villager (Male) |
| 2:41 | Create | Villager (Male) |
| 2:41 | Create | Villager (Male) |
| 2:41 | Create | Villager (Male) |
| 2:53 | Build | Palisade Wall |
| 2:54 | Build | Palisade Wall |
| 3:49 | Create | Fishing Ship |
| 4:21 | Create | Villager (Male) |
| 4:47 | Create | Villager (Male) |
| 4:51 | Build | House |
| 5:18 | Create | Villager (Male) |
| 5:25 | Create | Fishing Ship |
| 5:48 | Create | Villager (Male) |
| 6:16 | Create | Fishing Ship |
| 6:16 | Create | Villager (Male) |
| 6:21 | Build | House |
| 6:45 | Create | Villager (Male) |
| 7:00 | Create | Villager (Male) |
| 7:14 | Create | Fishing Ship |
| 7:38 | Build | House |
| 7:40 | Create | Villager (Male) |
| 7:59 | Create | Villager (Male) |
| 8:15 | Create | Fishing Ship |
| 8:26 | Create | Villager (Male) |
| 8:50 | Create | Villager (Male) |
| 9:04 | Create | Villager (Male) |
| 9:09 | Create | Fishing Ship |
| 9:15 | Build | House |
| 9:45 | Create | Villager (Male) |
| 9:52 | Build | Palisade Wall |
| 9:52 | Build | Palisade Wall |
| 9:53 | Build | Palisade Wall |
| 9:54 | Build | Palisade Wall |
| 9:55 | Build | Palisade Wall |
| 9:55 | Build | Palisade Wall |
| 10:15 | Research | Loom |
| 10:28 | Build | Mining Camp |
| 10:41 | Create | Villager (Male) |
| 11:08 | Research | Feudal Age |
| 11:14 | Build | Mining Camp |
| 12:37 | Build | Mill |
| 12:46 | Build | House |
| 13:00 | Build | Dock |
| 13:03 | Create | Villager (Male) |
| 13:18 | Age | Feudal Age |
| 13:26 | Create | Unit 2626 |
| 13:34 | Create | Villager (Male) |
| 13:37 | Build | Market |
| 14:09 | Create | Villager (Male) |
| 14:23 | Create | Villager (Male) |
| 14:32 | Build | Blacksmith |
| 14:44 | Build | House |
| 15:10 | Research | Castle Age |
| 15:14 | Build | Lumber Camp |
| 15:23 | Create | Fishing Ship |
| 15:46 | Create | Unit 2626 |
| 16:29 | Create | Unit 2626 |
| 16:41 | Research | Double-Bit Axe |
| 17:10 | Research | Fletching |
| 17:16 | Build | Palisade Wall |
| 17:24 | Build | Outpost |
| 17:30 | Create | Fishing Ship |
| 17:30 | Create | Fishing Ship |
| 17:50 | Age | Castle Age |
| 17:55 | Create | Villager (Male) |
| 18:01 | Build | Castle |
| 18:13 | Create | Galley |
| 18:17 | Create | Turtle Ship |
| 18:18 | Create | Villager (Male) |
| 18:20 | Build | House |
| 18:32 | Build | Outpost |
| 18:33 | Create | Villager (Male) |
| 18:51 | Build | Palisade Wall |
| 19:07 | Build | House |
| 19:09 | Create | Villager (Male) |
| 19:16 | Create | Fishing Ship |
| 19:16 | Create | Fishing Ship |
| 19:31 | Create | Villager (Male) |
| 19:40 | Build | Dock |
| 19:51 | Create | War Wagon |
| 19:52 | Create | Villager (Male) |
| 19:56 | Build | Palisade Wall |
| 20:15 | Research | Bow Saw |
| 20:16 | Create | Villager (Male) |
| 20:34 | Create | Villager (Male) |
| 20:35 | Create | War Wagon |
| 20:37 | Create | Villager (Male) |
| 20:42 | Build | House |
| 20:54 | Create | War Wagon |
| 21:26 | Research | Bodkin Arrow |
| 21:30 | Create | Fishing Ship |
| 21:30 | Create | Fishing Ship |
| 21:42 | Create | Villager (Male) |
| 21:53 | Create | War Wagon |
| 22:06 | Create | Villager (Male) |
| 22:11 | Build | House |
| 22:13 | Create | Villager (Male) |
| 22:22 | Build | Town Center |
| 22:30 | Create | Villager (Male) |
| 22:32 | Create | War Wagon |
| 23:05 | Create | Villager (Male) |
| 23:06 | Create | War Wagon |
| 23:28 | Create | Villager (Male) |
| 23:44 | Create | Villager (Male) |
| 23:49 | Build | Siege Workshop |
| 24:03 | Create | War Wagon |
| 24:04 | Create | Villager (Male) |
| 24:12 | Create | Iron Pagoda |
| 24:26 | Create | Villager (Male) |
| 24:29 | Create | Villager (Male) |
| 24:45 | Create | Villager (Male) |
| 25:17 | Create | Villager (Male) |
| 25:18 | Create | Villager (Male) |
| 25:18 | Create | Iron Pagoda |
| 25:26 | Build | Town Center |
| 25:42 | Create | Villager (Male) |
| 25:43 | Create | Villager (Male) |
| 25:43 | Create | War Wagon |
| 26:02 | Create | Villager (Male) |
| 26:03 | Create | Villager (Male) |
| 26:21 | Create | Villager (Male) |
| 26:21 | Create | Villager (Male) |
| 26:24 | Create | Villager (Male) |
| 26:27 | Build | Lumber Camp |
| 26:31 | Build | Town Center |
| 26:47 | Create | Villager (Male) |
| 26:47 | Create | Villager (Male) |
| 26:50 | Create | Iron Pagoda |
| 26:52 | Create | Villager (Male) |
| 26:57 | Create | Villager (Male) |
| 27:02 | Create | Villager (Male) |
| 27:06 | Create | War Wagon |
| 27:12 | Build | Watch Tower |
| 27:21 | Build | Gate |
| 27:30 | Build | Lumber Camp |
| 27:44 | Create | Villager (Male) |
| 27:54 | Create | War Wagon |
| 28:13 | Create | War Wagon |
| 28:13 | Create | Villager (Male) |
| 28:27 | Create | Villager (Male) |
| 28:29 | Build | Farm |
| 28:29 | Build | Farm |
| 28:29 | Build | Farm |
| 28:29 | Build | Farm |
| 28:30 | Build | Farm |
| 28:30 | Build | Farm |
| 28:56 | Create | Villager (Male) |
Build order — DS_TheHeartless
First 150 of 288 actions detected
| 0:13 | Build | Town Center |
| 0:38 | Build | Dock |
| 2:31 | Create | Villager (Male) |
| 2:32 | Create | Villager (Male) |
| 2:34 | Create | Villager (Male) |
| 2:39 | Build | House |
| 2:43 | Create | Villager (Male) |
| 2:51 | Create | Villager (Male) |
| 3:38 | Create | Fishing Ship |
| 4:10 | Build | House |
| 4:24 | Create | Villager (Male) |
| 4:51 | Create | Fishing Ship |
| 4:52 | Create | Fishing Ship |
| 4:55 | Create | Villager (Male) |
| 5:25 | Build | House |
| 5:29 | Create | Villager (Male) |
| 5:37 | Build | House |
| 5:54 | Create | Villager (Male) |
| 6:16 | Create | Villager (Male) |
| 6:28 | Create | Fishing Ship |
| 6:35 | Build | House |
| 6:37 | Build | Palisade Wall |
| 6:38 | Build | Palisade Wall |
| 6:43 | Create | Villager (Male) |
| 6:55 | Build | House |
| 6:57 | Create | Villager (Male) |
| 7:20 | Create | Fishing Ship |
| 7:33 | Create | Villager (Male) |
| 7:41 | Build | House |
| 7:44 | Build | Palisade Wall |
| 7:45 | Create | Villager (Male) |
| 7:57 | Create | Villager (Male) |
| 8:09 | Create | Fishing Ship |
| 8:17 | Create | Villager (Male) |
| 8:23 | Create | Villager (Male) |
| 8:37 | Build | Palisade Wall |
| 8:39 | Build | Palisade Wall |
| 8:40 | Build | Palisade Wall |
| 8:42 | Create | Villager (Male) |
| 8:49 | Build | House |
| 8:55 | Create | Fishing Ship |
| 9:05 | Build | House |
| 9:20 | Create | Fishing Ship |
| 9:28 | Build | House |
| 9:46 | Build | House |
| 9:56 | Build | House |
| 10:06 | Create | Villager (Male) |
| 10:24 | Build | Settlement |
| 10:28 | Create | Villager (Male) |
| 10:35 | Research | Loom |
| 10:55 | Create | Villager (Male) |
| 11:02 | Create | Fishing Ship |
| 11:06 | Build | House |
| 11:08 | Build | Palisade Wall |
| 11:14 | Build | Dock |
| 11:18 | Research | Feudal Age |
| 12:03 | Create | Fishing Ship |
| 12:18 | Create | Fishing Ship |
| 12:37 | Build | Palisade Wall |
| 12:40 | Build | Palisade Wall |
| 12:44 | Build | Palisade Wall |
| 12:46 | Build | Palisade Wall |
| 12:57 | Create | Villager (Male) |
| 12:58 | Create | Villager (Male) |
| 13:35 | Age | Feudal Age |
| 13:37 | Build | Market |
| 13:42 | Build | Blacksmith |
| 13:49 | Research | Town Watch |
| 13:49 | Research | Town Watch |
| 13:58 | Create | Fishing Ship |
| 14:24 | Build | Settlement |
| 14:59 | Build | Palisade Wall |
| 15:00 | Build | House |
| 15:03 | Research | Castle Age |
| 15:03 | Research | Castle Age |
| 15:04 | Create | Villager (Male) |
| 15:22 | Create | Villager (Male) |
| 15:46 | Build | Palisade Wall |
| 15:48 | Build | Palisade Wall |
| 15:50 | Build | Palisade Wall |
| 15:51 | Build | Palisade Wall |
| 16:10 | Create | Villager (Male) |
| 16:25 | Create | Unit 2626 |
| 16:32 | Create | Unit 2626 |
| 17:03 | Create | Villager (Male) |
| 17:43 | Age | Castle Age |
| 17:51 | Build | Castle |
| 18:01 | Build | Town Center |
| 18:04 | Create | Villager (Male) |
| 18:10 | Create | Villager (Male) |
| 18:14 | Create | Villager (Male) |
| 18:16 | Research | Double-Bit Axe |
| 18:16 | Research | Double-Bit Axe |
| 18:42 | Research | Fletching |
| 18:52 | Create | Villager (Male) |
| 19:02 | Create | Unit 2579 |
| 19:02 | Create | Unit 2579 |
| 19:11 | Create | Villager (Male) |
| 19:17 | Create | Unit 2579 |
| 19:31 | Create | Villager (Male) |
| 19:40 | Build | House |
| 19:54 | Create | Villager (Male) |
| 20:05 | Create | Unit 2579 |
| 20:06 | Create | Villager (Male) |
| 20:08 | Create | Villager (Male) |
| 20:15 | Research | Bodkin Arrow |
| 20:19 | Create | Villager (Male) |
| 20:20 | Create | Villager (Male) |
| 20:20 | Create | Unit 2579 |
| 20:20 | Create | Unit 2579 |
| 20:43 | Create | Unit 2579 |
| 21:11 | Create | Unit 2579 |
| 21:28 | Build | Farm |
| 21:28 | Build | Farm |
| 21:29 | Build | Farm |
| 21:30 | Build | Farm |
| 21:31 | Build | Farm |
| 21:32 | Build | Farm |
| 21:36 | Build | Farm |
| 21:40 | Create | Unit 2579 |
| 21:40 | Create | Unit 2579 |
| 22:00 | Create | Unit 2579 |
| 22:05 | Build | Farm |
| 22:06 | Build | Farm |
| 22:23 | Create | Unit 2579 |
| 22:52 | Create | Unit 2579 |
| 22:54 | Create | Villager (Male) |
| 22:54 | Create | Villager (Male) |
| 23:04 | Create | Unit 2579 |
| 23:05 | Create | Unit 2579 |
| 23:10 | Create | Villager (Male) |
| 23:14 | Build | Settlement |
| 23:16 | Build | Farm |
| 23:16 | Build | Farm |
| 23:25 | Build | Settlement |
| 23:28 | Create | Villager (Male) |
| 23:29 | Create | Unit 2579 |
| 23:59 | Create | Unit 2579 |
| 24:03 | Create | Villager (Male) |
| 24:05 | Create | Unit 2579 |
| 24:20 | Build | Dock |
| 24:21 | Create | Villager (Male) |
| 24:30 | Create | Unit 2579 |
| 24:30 | Create | Unit 2579 |
| 24:32 | Create | Villager (Male) |
| 24:34 | Create | Unit 2579 |
| 24:45 | Create | Unit 2579 |
| 25:02 | Create | Villager (Male) |
| 25:04 | Create | Unit 2579 |
| 25:11 | Build | Town Center |
Build order — Cono | Watters
First 150 of 178 actions detected
| 0:04 | Build | Town Center |
| 0:12 | Build | House |
| 2:03 | Build | Dock |
| 2:30 | Create | Villager (Male) ×4 |
| 3:50 | Build | House |
| 4:02 | Create | Villager (Male) |
| 4:33 | Create | Villager (Male) |
| 4:56 | Create | Villager (Male) |
| 5:23 | Create | Villager (Male) |
| 5:26 | Create | Fishing Ship |
| 5:48 | Create | Villager (Male) |
| 5:56 | Build | House |
| 6:00 | Create | Villager (Male) |
| 6:37 | Create | Villager (Male) |
| 6:42 | Create | Fishing Ship |
| 6:50 | Build | Mill |
| 6:59 | Create | Villager (Male) |
| 7:07 | Research | Loom |
| 7:22 | Create | Fishing Ship |
| 7:31 | Create | Villager (Male) |
| 7:49 | Create | Villager (Male) |
| 8:00 | Build | House |
| 8:16 | Create | Villager (Male) |
| 8:26 | Create | Fishing Ship |
| 8:32 | Build | House |
| 8:41 | Build | House |
| 8:56 | Build | House |
| 9:04 | Create | Villager (Male) |
| 9:09 | Create | Fishing Ship |
| 9:30 | Create | Villager (Male) |
| 9:55 | Create | Villager (Male) |
| 10:23 | Create | Villager (Male) |
| 10:48 | Research | Feudal Age |
| 10:59 | Build | Dock |
| 11:32 | Build | Mining Camp |
| 12:06 | Build | House |
| 12:57 | Create | Villager (Male) |
| 12:57 | Create | Villager (Male) |
| 13:01 | Age | Feudal Age |
| 13:04 | Build | Market |
| 13:06 | Create | Unit 2626 |
| 13:06 | Create | Unit 2626 |
| 13:47 | Create | Villager (Male) |
| 13:49 | Create | Unit 2626 |
| 14:06 | Create | Villager (Male) |
| 14:10 | Build | House |
| 14:11 | Build | House |
| 14:37 | Build | Blacksmith |
| 14:45 | Create | Villager (Male) |
| 14:45 | Create | Villager (Male) |
| 15:01 | Build | Lumber Camp |
| 15:02 | Research | Horse Collar |
| 15:12 | Create | Unit 2626 |
| 15:12 | Create | Unit 2626 |
| 15:22 | Research | Castle Age |
| 15:36 | Create | Villager (Male) |
| 15:44 | Create | Unit 2626 |
| 16:05 | Create | Fire Galley |
| 16:09 | Create | Villager (Male) |
| 16:45 | Create | Unit 2626 |
| 16:46 | Create | Fire Galley |
| 16:48 | Create | Villager (Male) |
| 16:54 | Build | Farm |
| 16:55 | Build | Farm |
| 17:11 | Research | Gold Mining |
| 17:33 | Research | Double-Bit Axe |
| 17:42 | Build | Dock |
| 17:54 | Build | House |
| 17:55 | Build | House |
| 17:56 | Build | House |
| 18:05 | Create | Fire Galley |
| 18:06 | Create | Fire Galley |
| 18:15 | Age | Castle Age |
| 18:17 | Research | War Galley (upgrade) |
| 18:20 | Create | Villager (Male) |
| 18:23 | Create | Fire Galley |
| 18:31 | Create | Fire Galley |
| 18:36 | Create | Unit 2626 |
| 18:45 | Build | Farm |
| 19:03 | Research | Forging |
| 19:09 | Build | House |
| 19:11 | Build | House |
| 19:13 | Build | House |
| 19:17 | Build | Palisade Wall |
| 19:33 | Create | Villager (Male) |
| 19:34 | Create | Fire Galley |
| 19:35 | Create | Fire Galley |
| 20:06 | Create | Fire Galley |
| 20:06 | Create | Fire Galley |
| 20:09 | Create | Villager (Male) |
| 20:33 | Create | Villager (Male) |
| 20:35 | Create | Fire Galley |
| 20:35 | Create | Fire Galley |
| 20:42 | Create | Fire Galley |
| 22:55 | Build | Town Center |
| 25:01 | Build | Mill |
| 25:12 | Research | Wheelbarrow |
| 25:20 | Build | Mining Camp |
| 25:22 | Build | House |
| 25:23 | Build | House |
| 25:24 | Build | House |
| 25:25 | Build | House |
| 25:25 | Build | House |
| 26:16 | Build | Lumber Camp |
| 26:18 | Create | Villager (Male) |
| 26:39 | Create | Villager (Male) |
| 27:12 | Create | Villager (Male) |
| 27:13 | Create | Villager (Male) |
| 27:29 | Build | Market |
| 28:02 | Create | Villager (Male) |
| 28:18 | Create | Villager (Male) |
| 28:29 | Build | Town Center |
| 28:36 | Create | Villager (Male) |
| 28:39 | Research | Stone Mining |
| 28:41 | Research | Bow Saw |
| 28:42 | Create | Villager (Male) |
| 29:08 | Research | Fletching |
| 29:33 | Create | Villager (Male) |
| 30:26 | Create | Villager (Male) |
| 30:49 | Create | Villager (Male) |
| 30:49 | Create | Villager (Male) |
| 30:59 | Build | Castle |
| 31:06 | Create | Villager (Male) |
| 31:06 | Create | Villager (Male) |
| 31:20 | Create | Villager (Male) |
| 31:20 | Create | Villager (Male) |
| 31:24 | Research | Bodkin Arrow |
| 31:27 | Build | University |
| 31:45 | Build | Palisade Wall |
| 31:54 | Create | Rattan Archer |
| 31:54 | Create | Rattan Archer |
| 31:54 | Create | Rattan Archer |
| 32:06 | Build | Town Center |
| 32:15 | Build | Town Center |
| 32:19 | Create | Villager (Male) |
| 32:20 | Create | Villager (Male) |
| 32:20 | Create | Villager (Male) |
| 32:20 | Create | Villager (Male) |
| 32:24 | Create | Villager (Male) |
| 32:46 | Create | Villager (Male) |
| 32:48 | Research | Town Watch |
| 32:57 | Create | Rattan Archer |
| 32:58 | Create | Rattan Archer |
| 32:58 | Create | Rattan Archer |
| 33:57 | Create | Villager (Male) |
| 33:57 | Create | Villager (Male) |
| 33:57 | Create | Villager (Male) |
| 33:58 | Create | Villager (Male) |
| 33:58 | Create | Villager (Male) |
| 34:06 | Build | Farm |
Match timeline
| 0:06 | DS_Regg · first_building Dock |
| 0:38 | Cono | Joe Strummer · first_building Dock |
| 0:38 | DS_TheHeartless · first_building Dock |
| 1:13 | DS_Moai · first_building Dock |
| 1:16 | DS_Mister Five · first_building Dock |
| 1:37 | Cono | Joe Strummer · wall_segment Palisade Wall x1 |
| 2:03 | Cono | Watters · first_building Dock |
| 2:08 | Cono | Joe Strummer · wall_segment Palisade Wall x1 |
| 2:11 | Cono | Joe Strummer · wall_segment Palisade Wall x1 |
| 2:42 | Nili Tapia · first_building Dock |
| 2:53 | DS_Moai · wall_segment Palisade Wall x1 |
| 2:54 | DS_Moai · wall_segment Palisade Wall x1 |
| 4:43 | DL | Tortafuller · first_building Dock |
| 5:14 | Nili Tapia · wall_segment Palisade Wall x1 |
| 6:37 | DS_TheHeartless · wall_segment Palisade Wall x4 |
| 6:38 | DS_TheHeartless · wall_segment Palisade Wall x1 |
| 7:44 | DS_TheHeartless · wall_segment Palisade Wall x9 |
| 8:23 | Nili Tapia · wall_segment Palisade Wall x3 |
| 8:37 | DS_TheHeartless · wall_segment Palisade Wall x1 |
| 8:39 | DS_TheHeartless · wall_segment Palisade Wall x5 |
| 8:40 | DS_TheHeartless · wall_segment Palisade Wall x1 |
| 9:48 | Nili Tapia · wall_segment Palisade Wall x9 |
| 9:52 | DS_Moai · wall_segment Palisade Wall x1 |
| 9:52 | Nili Tapia · wall_segment Palisade Wall x8 |
| 9:52 | DS_Moai · wall_segment Palisade Wall x1 |
| 9:53 | DS_Moai · wall_segment Palisade Wall x1 |
| 9:54 | DS_Moai · wall_segment Palisade Wall x1 |
| 9:55 | DS_Moai · wall_segment Palisade Wall x1 |
| 9:55 | DS_Moai · wall_segment Palisade Wall x1 |
| 11:08 | DS_TheHeartless · wall_segment Palisade Wall x6 |
| 11:24 | Nili Tapia · first_building Barracks |
| 12:37 | DS_TheHeartless · wall_segment Palisade Wall x1 |
| 12:40 | DS_TheHeartless · wall_segment Palisade Wall x3 |
| 12:42 | DS_Mister Five · age_up feudal |
| 12:44 | DS_TheHeartless · wall_segment Palisade Wall x1 |
| 12:46 | DS_TheHeartless · wall_segment Palisade Wall x3 |
| 13:01 | Cono | Watters · age_up feudal |
| 13:02 | Nili Tapia · age_up feudal |
| 13:03 | Nili Tapia · first_building Archery Range |
| 13:18 | DS_Moai · age_up feudal |
| 13:33 | DS_Regg · age_up feudal |
| 13:35 | DS_TheHeartless · age_up feudal |
| 13:39 | DL | Tortafuller · wall_segment Palisade Wall x1 |
| 13:41 | DL | Tortafuller · wall_segment Palisade Wall x1 |
| 13:51 | Cono | Joe Strummer · age_up feudal |
| 14:05 | DL | Tortafuller · wall_segment Palisade Wall x1 |
| 14:07 | DS_Mister Five · wall_segment Palisade Wall x5 |
| 14:17 | Cono | Joe Strummer · first_building Barracks |
| 14:37 | DS_TheHeartless · first_market_sell 100 stone |
| 14:55 | DL | Tortafuller · wall_segment Palisade Wall x1 |
| 14:57 | DL | Tortafuller · wall_segment Palisade Wall x1 |
| 14:57 | DS_Regg · first_market_sell 100 stone |
| 14:59 | DS_TheHeartless · wall_segment Palisade Wall x1 |
| 15:16 | Cono | Watters · first_market_sell 100 stone |
| 15:46 | DS_TheHeartless · wall_segment Palisade Wall x3 |
| 15:48 | DS_TheHeartless · wall_segment Palisade Wall x2 |
| 15:50 | DS_TheHeartless · wall_segment Palisade Wall x3 |
| 15:51 | DS_TheHeartless · wall_segment Palisade Wall x1 |
| 16:01 | Cono | Joe Strummer · first_building Stable |
| 16:20 | DL | Tortafuller · age_up feudal |
| 16:41 | DS_Regg · age_up castle |
| 17:07 | DS_Regg · first_market_buy 100 stone |
| 17:16 | DS_Moai · wall_segment Palisade Wall x9 |
| 17:27 | DS_Regg · first_building Castle |
| 17:43 | DS_TheHeartless · age_up castle |
| 17:46 | Cono | Joe Strummer · wall_segment Palisade Wall x1 |
| 17:50 | DS_Moai · age_up castle |
| 17:51 | DS_TheHeartless · first_building Castle |
| 17:52 | DL | Tortafuller · wall_segment Palisade Wall x7 |
| 17:53 | Cono | Joe Strummer · wall_segment Palisade Wall x1 |
| 17:59 | DS_TheHeartless · first_market_buy 100 stone |
| 17:59 | DL | Tortafuller · wall_segment Palisade Wall x1 |
| 18:01 | DS_Moai · first_building Castle |
| 18:12 | Cono | Watters · first_market_buy 100 wood |
| 18:15 | Cono | Watters · age_up castle |
| 18:34 | DL | Tortafuller · wall_segment Palisade Wall x3 |
| 18:44 | DL | Tortafuller · wall_segment Palisade Wall x3 |
| 18:51 | DS_Moai · wall_segment Palisade Wall x11 |
| 18:52 | Cono | Joe Strummer · wall_segment Palisade Wall x8 |
| 19:05 | Nili Tapia · wall_segment Palisade Wall x1 |
| 19:15 | DS_Mister Five · age_up castle |
| 19:17 | Cono | Watters · wall_segment Palisade Wall x6 |
| 19:18 | Nili Tapia · first_market_buy 100 food |
| 19:19 | Cono | Joe Strummer · wall_segment Palisade Wall x13 |
| 19:20 | Nili Tapia · first_market_sell 100 wood |
| 19:24 | DS_Mister Five · first_building Castle |
| 19:26 | DL | Tortafuller · first_market_buy 100 stone |
| 19:31 | DL | Tortafuller · first_market_sell 100 food |
| 19:50 | DL | Tortafuller · age_up castle |
| 19:52 | Cono | Joe Strummer · wall_segment Palisade Wall x8 |
| 19:56 | DS_Moai · wall_segment Palisade Wall x5 |
| 20:06 | DL | Tortafuller · first_building Castle |
| 20:13 | DL | Tortafuller · wall_segment Palisade Wall x1 |
| 20:13 | DS_Moai · first_market_sell 100 food |
| 20:14 | DS_Moai · first_market_buy 100 wood |
| 20:32 | DS_Regg · first_building Siege Workshop |
| 21:40 | Cono | Joe Strummer · age_up castle |
| 21:58 | Cono | Joe Strummer · first_building Castle |
| 22:06 | Nili Tapia · age_up castle |
| 22:18 | DS_Mister Five · first_building Siege Workshop |
| 23:02 | DL | Tortafuller · first_building Siege Workshop |
| 23:49 | DS_Moai · first_building Siege Workshop |
| 28:01 | DS_Mister Five · first_building Monastery |
| 29:19 | Cono | Joe Strummer · first_building Siege Workshop |
| 30:19 | DS_Mister Five · first_market_sell 100 wood |
| 30:43 | DS_Regg · first_building Barracks |
| 30:59 | Cono | Watters · first_building Castle |
| 31:45 | Cono | Watters · wall_segment Palisade Wall x1 |
| 31:52 | Nili Tapia · wall_segment Palisade Wall x1 |
| 32:10 | Nili Tapia · wall_segment Palisade Wall x1 |
| 32:41 | DL | Tortafuller · wall_segment Palisade Wall x1 |
| 32:44 | DL | Tortafuller · wall_segment Palisade Wall x1 |
| 33:22 | DS_Mister Five · first_market_buy 100 stone |
| 33:25 | DL | Tortafuller · wall_segment Palisade Wall x1 |
| 33:26 | DL | Tortafuller · wall_segment Palisade Wall x1 |
| 33:27 | DL | Tortafuller · wall_segment Palisade Wall x1 |
| 33:58 | DL | Tortafuller · wall_segment Palisade Wall x3 |
| 33:59 | DL | Tortafuller · wall_segment Palisade Wall x1 |
| 34:49 | Cono | Joe Strummer · first_market_buy 100 food |
| 35:03 | DS_TheHeartless · wall_segment Stone Wall x9 |
| 35:14 | DS_TheHeartless · age_up imperial |
| 36:12 | DS_Mister Five · first_building Barracks |
| 36:12 | Cono | Joe Strummer · resign |
| 36:21 | DS_Regg · wall_segment Stone Wall x12 |
[ AI ANALYSIS · 1 CREDIT ]
What really happened in this match?
Wolo.gg analyzes every decision: build order, eco, micro, common mistakes by bracket. Personalized analysis on WhatsApp or Discord in 30 seconds.
Civ guide
Byzantines
Perfil
Jugador #22614969